General information
- name: BNet
- type: Ladder team game (AT/RT)
- host: Battle.net
- saver: CakeBelyswell23
map: MarketSquare
- players: 8
- length: 21:12
- speed: Fast
- version: 1.28 W3XP
- replay type: Public
» download(177 KB)
Players
team 1 (winner)
moon| (
orange | 75 APM | 1586 actions | 21:11)
8 Mountain King
3 Storm Bolt
3 Bash
1 Avatar
1 Thunder Clap
1 Paladin
1 Devotion Aura
» actions
| Assign group hotkey | 39 | |
| Basic commands | 130 | |
| Build / train | 106 | |
| ESC pressed | 3 | |
| Enter build submenu | 29 | |
| Enter hero's abilities submenu | 9 | |
| Right click | 618 | |
| Select / deselect | 289 | |
| Select group hotkey | 263 | |
| Use ability | 100 | |
1586 total
» units
| Peasant | 18 | |
| Footman | 9 | |
| Rogue | 2 | |
| Assassin | 1 | |
| Rifleman | 16 | |
| Mortar Team | 15 | |
61 total
» upgrades
| Defend | 1 | |
| Plating | 1 | |
| Gunpowder | 3 | |
| Armor | 3 | |
| Swords | 2 | |
| Long Rifles | 1 | |
| Lumber Harvesting | 2 | |
| Fragmentation Shards | 1 | |
| Masonry | 2 | |
| Flare | 1 | |
| Flak Cannons | 1 | |
| Animal War Training | 1 | |
| Backpack | 1 | |
| Flying Machine Bombs | 1 | |
| Barrage | 1 | |
22 total
» buildings
| Altar of Kings | 1 | |
| Farm | 15 | |
| Barracks | 2 | |
| Arcane Vault | 2 | |
| Blacksmith | 1 | |
| Keep | 1 | |
| Castle | 2 | |
| Workshop | 2 | |
| Lumber Mill | 2 | |
28 total
» build order
00:05 Altar of Kings
00:07 Farm
00:19 Barracks
00:42 Farm
01:30 Farm
02:13 Arcane Vault
02:14 Arcane Vault
02:38 Farm
03:20 Farm
04:34 Barracks
04:59 Farm
05:46 Blacksmith
06:32 Farm
07:02 Farm
09:12 Keep
10:07 Farm
10:07 Farm
12:18 Castle
12:18 Castle
13:19 Workshop
13:24 Lumber Mill
13:27 Lumber Mill
14:23 Workshop
14:53 Farm
19:36 Farm
19:37 Farm
19:38 Farm
19:40 Farm
» items
| Scroll of Regeneration | 1 | |
| Lesser Clarity Potion | 1 | |
| Scroll of Protection | 1 | |
| Scroll of Healing | 1 | |
| Scroll of Town Portal | 1 | |
| Circlet of Nobility | 1 | |
6 total
BigPapa12 (
yellow | 64 APM | 1365 actions | 21:11)
5 Blademaster
1 Wind Walk
1 Critical Strike
3 Mirror Image
3 Far Seer
2 Feral Spirit
1 Chain Lighting
» actions
| Assign group hotkey | 12 | |
| Build / train | 68 | |
| Enter build submenu | 13 | |
| Enter hero's abilities submenu | 8 | |
| Remove unit from queue | 7 | |
| Right click | 617 | |
| Select / deselect | 161 | |
| Select group hotkey | 450 | |
| Use ability | 29 | |
1365 total
» units
| Peon | 9 | |
| Grunt | 6 | |
| Troll Headhunter/Berserker | 14 | |
| Troll Batrider | 14 | |
43 total
» upgrades
| Armor | 1 | |
| Ranged Weapons | 1 | |
| Troll Regeneration | 1 | |
3 total
» buildings
| Altar of Storms | 1 | |
| Barracks | 1 | |
| Orc Burrow | 8 | |
| War Mill | 1 | |
| Voodoo Lounge | 1 | |
| Stronghold | 1 | |
| Watch Tower | 3 | |
| Beastiary | 2 | |
| Fortress | 1 | |
19 total
» build order
00:05 Altar of Storms
00:09 Barracks
00:14 Orc Burrow
01:58 Orc Burrow
03:52 Orc Burrow
04:02 War Mill
04:43 Voodoo Lounge
04:50 Orc Burrow
06:15 Stronghold
06:56 Watch Tower
06:57 Watch Tower
07:01 Watch Tower
09:11 Beastiary
12:38 Orc Burrow
12:41 Orc Burrow
12:42 Orc Burrow
12:43 Orc Burrow
13:52 Beastiary
18:11 Fortress
» items
| Scroll of Town Portal | 1 | |
| Potion of Healing | 1 | |
| Potion of Mana | 1 | |
3 total
CakeBelyswell23 (
blue | 57 APM | 1210 actions | 21:12)
7 Archmage
3 Summon Water Elemental
3 Brilliance Aura
1 Mass Teleport
» actions
| Assign group hotkey | 46 | |
| Basic commands | 47 | |
| Build / train | 65 | |
| Enter build submenu | 31 | |
| Enter hero's abilities submenu | 8 | |
| Give item / drop item | 1 | |
| Right click | 542 | |
| Select / deselect | 287 | |
| Select group hotkey | 115 | |
| Use ability | 68 | |
1210 total
» units
| Peasant | 16 | |
| Footman | 6 | |
| Gryphon Rider | 7 | |
29 total
» upgrades
| Defend | 1 | |
| Lumber Harvesting | 2 | |
| Swords | 3 | |
| Armor | 3 | |
| Animal War Training | 1 | |
| Masonry | 3 | |
| Storm Hammers | 1 | |
| Cloud | 1 | |
15 total
» buildings
| Altar of Kings | 1 | |
| Barracks | 1 | |
| Farm | 5 | |
| Scout Tower | 13 | |
| Arcane Tower | 2 | |
| Keep | 1 | |
| Lumber Mill | 1 | |
| Arcane Vault | 1 | |
| Town Hall | 3 | |
| Castle | 1 | |
| Blacksmith | 2 | |
| Gryphon Aviary | 4 | |
| Guard Tower | 2 | |
37 total
» build order
00:54 Altar of Kings
00:56 Barracks
00:58 Farm
00:59 Farm
01:09 Farm
01:43 Farm
02:03 Scout Tower
02:31 Arcane Tower
03:48 Keep
04:14 Lumber Mill
04:51 Arcane Vault
04:57 Town Hall
06:14 Castle
07:01 Blacksmith
07:02 Blacksmith
07:08 Farm
08:09 Gryphon Aviary
08:10 Gryphon Aviary
08:13 Gryphon Aviary
09:21 Scout Tower
09:45 Gryphon Aviary
10:45 Arcane Tower
13:41 Scout Tower
13:41 Scout Tower
13:43 Scout Tower
13:43 Scout Tower
13:47 Scout Tower
13:47 Scout Tower
13:47 Scout Tower
13:48 Scout Tower
13:49 Scout Tower
13:50 Scout Tower
13:50 Scout Tower
14:32 Guard Tower
14:36 Guard Tower
19:12 Town Hall
19:17 Town Hall
» items
| Dust of Appearance | 1 | |
| Periapt of Vitality | 2 | |
| Scroll of Healing | 1 | |
| Scroll of Protection | 2 | |
| Potion of Lesser Invulnerability | 1 | |
7 total
a5aprocky (
red | 43 APM | 919 actions | 21:11)
6 Blademaster
2 Wind Walk
3 Critical Strike
1 Bladestorm
» actions
| Basic commands | 2 | |
| Build / train | 89 | |
| Enter build submenu | 21 | |
| Enter hero's abilities submenu | 6 | |
| Give item / drop item | 1 | |
| Remove unit from queue | 2 | |
| Right click | 407 | |
| Select / deselect | 337 | |
| Use ability | 54 | |
919 total
» units
| Peon | 19 | |
| Grunt | 9 | |
| Troll Headhunter/Berserker | 11 | |
| Shaman | 9 | |
| Troll Witch Doctor | 4 | |
| Demolisher | 1 | |
| Kodo Beast | 1 | |
54 total
» upgrades
| Ranged Weapons | 3 | |
| Troll Regeneration | 1 | |
| Shaman Training | 2 | |
| Berserker Upgrade | 1 | |
| Witch Doctor Training | 2 | |
| Armor | 3 | |
| Burning Oil | 1 | |
| War Drums Damage Increase | 1 | |
| Reinforced Defenses | 1 | |
| Spiked Barricades | 1 | |
| Pillage | 1 | |
| Backpack | 1 | |
18 total
» buildings
| Orc Burrow | 8 | |
| Barracks | 2 | |
| Altar of Storms | 1 | |
| Voodoo Lounge | 1 | |
| Great Hall | 1 | |
| War Mill | 1 | |
| Watch Tower | 4 | |
| Stronghold | 1 | |
| Fortress | 1 | |
| Spirit Lodge | 2 | |
| Beastiary | 1 | |
23 total
» build order
00:08 Orc Burrow
00:20 Barracks
00:48 Altar of Storms
01:23 Orc Burrow
02:21 Voodoo Lounge
02:41 Orc Burrow
04:28 Great Hall
04:42 War Mill
05:59 Watch Tower
06:03 Stronghold
07:00 Orc Burrow
07:05 Watch Tower
08:47 Fortress
09:07 Watch Tower
09:08 Watch Tower
09:16 Spirit Lodge
09:20 Barracks
09:34 Orc Burrow
09:51 Spirit Lodge
12:54 Orc Burrow
13:43 Orc Burrow
13:47 Orc Burrow
17:25 Beastiary
» items
| Scroll of Town Portal | 1 | |
| Healing Salve | 2 | |
| Lesser Clarity Potion | 1 | |
| Orb of Lightning | 1 | |
5 total
team 2 (loser)

»
BigSlick-AK (
teal | 32 APM | 688 actions | 21:11)
5 Death Knight
3 Death Coil
1 Death Pact
1 Unholy Aura
3 Lich
2 Frost Nova
1 Frost Armor
» actions
| Assign group hotkey | 16 | |
| Basic commands | 52 | |
| Build / train | 63 | |
| Enter build submenu | 18 | |
| Enter hero's abilities submenu | 8 | |
| Right click | 182 | |
| Select / deselect | 133 | |
| Select group hotkey | 172 | |
| Use ability | 44 | |
688 total
» units
| Acolyte | 10 | |
| Ghoul | 5 | |
| Crypt Fiend | 13 | |
| Knight | 8 | |
| Forest Troll High Priest | 1 | |
37 total
» upgrades
| Creature Attack | 2 | |
| Creature Carapace | 2 | |
| Animal War Training | 1 | |
| Web | 1 | |
6 total
» buildings
| Ziggurat | 7 | |
| Altar of Darkness | 1 | |
| Crypt | 1 | |
| Graveyard | 1 | |
| Tomb of Relics | 1 | |
| Nerubian Tower | 1 | |
| Spirit Tower | 1 | |
| Halls of the Dead | 1 | |
| Blacksmith | 1 | |
| Farm | 2 | |
| Barracks | 1 | |
18 total
» build order
00:26 Ziggurat
00:31 Altar of Darkness
01:20 Crypt
01:33 Graveyard
01:57 Ziggurat
02:12 Tomb of Relics
03:14 Ziggurat
06:37 Ziggurat
07:02 Nerubian Tower
07:04 Spirit Tower
09:44 Halls of the Dead
10:06 Blacksmith
10:21 Farm
11:43 Ziggurat
11:56 Barracks
12:20 Ziggurat
13:13 Farm
15:19 Ziggurat
» items
| Rod of Necromancy | 1 | |
| Sacrificial Skull | 1 | |
| Scroll of Regeneration | 2 | |
| Lesser Clarity Potion | 2 | |
| Scroll of Town Portal | 1 | |
7 total
TRUMPS_A_RETARD (
green | 43 APM | 759 actions | 17:50)
4 Blademaster
1 Wind Walk
2 Critical Strike
1 Mirror Image
» actions
| Build / train | 51 | |
| Enter build submenu | 26 | |
| Enter hero's abilities submenu | 4 | |
| Give item / drop item | 2 | |
| Right click | 367 | |
| Select / deselect | 235 | |
| Use ability | 74 | |
759 total
» units
| Peon | 7 | |
| Grunt | 10 | |
| Troll Headhunter/Berserker | 5 | |
22 total
» upgrades
| Pillage | 1 | |
| Melee Weapons | 1 | |
| Berserker Strength | 1 | |
| Troll Regeneration | 1 | |
| Armor | 1 | |
| Spiked Barricades | 2 | |
7 total
» buildings
| Altar of Storms | 1 | |
| Orc Burrow | 4 | |
| Barracks | 3 | |
| Voodoo Lounge | 1 | |
| War Mill | 1 | |
| Stronghold | 1 | |
| Watch Tower | 16 | |
27 total
» build order
00:14 Altar of Storms
00:20 Orc Burrow
00:55 Barracks
01:37 Orc Burrow
02:02 Voodoo Lounge
02:17 Barracks
03:42 Orc Burrow
04:14 War Mill
04:35 Stronghold
06:30 Orc Burrow
11:43 Watch Tower
11:49 Watch Tower
11:57 Watch Tower
12:07 Watch Tower
12:15 Watch Tower
12:25 Barracks
13:20 Watch Tower
13:25 Watch Tower
13:31 Watch Tower
13:37 Watch Tower
13:44 Watch Tower
13:51 Watch Tower
14:53 Watch Tower
15:01 Watch Tower
15:34 Watch Tower
16:03 Watch Tower
17:13 Watch Tower
» items
| Healing Salve | 2 | |
| Scroll of Town Portal | 3 | |
| Potion of Healing | 5 | |
| Potion of Lesser Invulnerability | 2 | |
| Potion of Mana | 1 | |
| Scroll of Regeneration | 1 | |
| Boots of Speed | 1 | |
15 total

»
Mouserat (
pink | 28 APM | 323 actions | 11:36)
3 Dark Ranger
1 Life Drain
2 Black Arrow
» actions
| Assign group hotkey | 17 | |
| Build / train | 32 | |
| Enter build submenu | 16 | |
| Enter hero's abilities submenu | 3 | |
| Right click | 91 | |
| Select / deselect | 126 | |
| Select group hotkey | 14 | |
| Use ability | 24 | |
323 total
» units
| Acolyte | 8 | |
| Ghoul | 10 | |
| Crypt Fiend | 4 | |
22 total
» buildings
| Ziggurat | 10 | |
| Altar of Darkness | 1 | |
| Crypt | 2 | |
| Graveyard | 1 | |
| Nerubian Tower | 2 | |
| Spirit Tower | 3 | |
| Halls of the Dead | 1 | |
20 total
» build order
00:23 Ziggurat
00:27 Altar of Darkness
00:38 Crypt
01:01 Graveyard
01:19 Ziggurat
02:27 Crypt
02:59 Nerubian Tower
03:49 Ziggurat
04:14 Spirit Tower
04:47 Nerubian Tower
07:42 Ziggurat
07:46 Ziggurat
07:49 Ziggurat
09:10 Halls of the Dead
09:15 Spirit Tower
09:55 Ziggurat
10:11 Ziggurat
10:15 Ziggurat
10:19 Ziggurat
10:55 Spirit Tower

»
yoykiller (
purple | 42 APM | 421 actions | 09:55)
3 Goblin Tinker
1 Pocket Factory
2 Engineering Upgrade
1 Paladin
1 Holy Light
» actions
| Basic commands | 10 | |
| Build / train | 32 | |
| Enter build submenu | 20 | |
| Enter hero's abilities submenu | 4 | |
| Remove unit from queue | 1 | |
| Right click | 177 | |
| Select / deselect | 146 | |
| Use ability | 31 | |
421 total
» units
» upgrades
» buildings
| Farm | 7 | |
| Altar of Kings | 1 | |
| Barracks | 1 | |
| Scout Tower | 1 | |
| Arcane Tower | 1 | |
| Keep | 1 | |
| Arcane Vault | 1 | |
| Lumber Mill | 1 | |
| Town Hall | 1 | |
| Castle | 1 | |
16 total
» build order
00:14 Farm
00:18 Altar of Kings
00:55 Barracks
01:21 Farm
01:41 Scout Tower
02:01 Farm
02:10 Arcane Tower
02:45 Farm
03:38 Keep
03:45 Arcane Vault
04:55 Lumber Mill
05:24 Farm
06:34 Town Hall
06:55 Castle
07:24 Farm
09:22 Farm
» items
| Scroll of Regeneration | 2 | |
| Scroll of Town Portal | 1 | |
3 total
Chat log
(00:09 / Allies) moon|: rush
(00:10 / Allies) moon|: no fucks
(00:12 / Allies) moon|: all in
(00:14 / Allies) a5aprocky: bm grunts
(01:53 / All) CakeBelyswell23: I KNOW WHO I WANT TO TAKE ME HOME
(01:58 / All) CakeBelyswell23: I KNOW WHO I WANT OT TAKE ME HOME
(02:17 / All) BigSlick-AK: santa claus
(04:50 / Allies) a5aprocky: creep mid
(04:55 / Allies) a5aprocky: then go?
(05:05 / Allies) CakeBelyswell23: haven't played in a year lalw
(06:17 / Allies) a5aprocky: blue can i have claws
(06:29 / Allies) a5aprocky: ty
(06:31 / Allies) a5aprocky: heal and go
(06:36 / Allies) CakeBelyswell23: was hoping to get tome but wasn't close enough
(07:35 / Allies) moon|: i stunned em
(08:20 / Allies) CakeBelyswell23: is it me lagging
(08:31 / Allies) BigPapa12: tp to me and hit pink
(08:33 / Allies) BigPapa12: ?
(08:45 / Allies) a5aprocky: i tp
(09:07 / All) yoykiller: ty
(09:25 / Allies) moon|: gold me red
(09:27 / Allies) moon|: u gold hoarder
(09:31 / Allies) moon|: sam,e for u blu
(09:32 / Allies) moon|: 2.8k
(09:34 / Allies) moon|: fuck me
(09:38 / Allies) CakeBelyswell23: wood
(09:53 / All) yoykiller: sorry gtg
(09:57 / All) moon|: STFU
(09:58 / All) moon|: U GOT RAPED
(09:59 / All) moon|: RAILED
(10:01 / All) moon|: BENT OVER
(10:22 / Allies) moon|: hero
(10:22 / All) CakeBelyswell23: PUT SOME RESPECK ON MY PRESDIENT NAME
(10:47 / All) TRUMPS_A_RETARD: fuck that fatty trump gay fuck
(10:56 / All) TRUMPS_A_RETARD: i shit on that white trash bitch
(10:57 / All) moon|: U PLAY WITH A RAT
(10:58 / All) moon|: STFU
(10:59 / All) moon|: BITCH
(11:03 / All) CakeBelyswell23: YOU GOT SHIT ON
(11:07 / All) CakeBelyswell23: WE SHIT IN YOUR MOUF
(11:13 / All) moon|: LEVEL 6 CUZ
(11:15 / All) moon|: IN YO MOUTH
(15:07 / Allies) moon|: gimme ur resources u hoarding fuck
(15:46 / All) moon|: NO FORTIFICATION
(15:48 / All) moon|: CALIFORNICATION
(16:06 / All) moon|: U WANT SOME TEAL
(16:17 / All) moon|: TURN AROUN D YTELOW
(16:18 / All) moon|: AND BLU
(16:18 / All) moon|: FUCK
(17:01 / All) BigPapa12: they gon
(17:20 / All) moon|: REKT
(17:59 / All) moon|: GREEN SOUNDS LIKE HIS PEONS DYING
(18:00 / All) moon|: MOANING
(18:03 / All) moon|: WITH PLEASURE
(18:29 / Allies) moon|: u play sc2 blu
(18:39 / All) CakeBelyswell23: didn't relaly like SCII
(18:44 / Allies) moon|: went masterleague sonn
(18:55 / All) CakeBelyswell23: I liked beta where you vcould mass void rays
(18:58 / All) CakeBelyswell23: and just a move and rape everything
(19:00 / Allies) moon|: ya that was coo
(20:19 / All) moon|: TEAL U OLD OR WHAT
(20:21 / All) moon|: U STAY TIL UR DED
(20:37 / All) CakeBelyswell23: "good game"
(20:40 / All) moon|: LOL
(20:41 / All) a5aprocky: lol
(20:48 / All) moon|: ONE OF DEEZ